 Dungeon Crawl Stone Soup version 0.22-a0-445-g8c8ef71 (webtiles) character file.

8571 xccam the Cleaver (level 11, -20/82 (83) HPs)
             Began as a Human Fighter on June 2, 2018.
             Was a High Priest of Okawaru.
             Demolished by a two-headed ogre
             ... wielding a +0 giant spiked club
              (23 damage)
             ... on level 10 of the Dungeon.
             The game lasted 00:28:52 (13711 turns).

xccam the Cleaver (Human Fighter)                  Turns: 13711, Time: 00:28:53

HP:   -20/82 (83)   AC: 20    Str: 18      XL:     11   Next: 58%
MP:   13/13         EV:  5    Int: 10      God:    Okawaru [*****.]
Gold: 607           SH: 11    Dex: 12 (13) Spells: 10/10 levels left

rFire    . . .     SeeInvis +   I - +0 war axe (flame)
rCold    + . .     Gourm    +   c - +0 shield
rNeg     . . .     Faith    .   a - +0 plate armour
rPois    .         Spirit   .   t - +1 helmet
rElec    .         Reflect  .   s - +0 cloak
rCorr    .         Harm     .   l - +0 pair of gloves
MR       .....                  A - +0 pair of boots
Stlth    ..........             h - amulet of the gourmand
HPRegen  0.23/turn              o - ring of protection from cold
MPRegen  0.13/turn              p - ring of see invisible

@: no status effects
A: no striking features
a: Heroism, Finesse, Renounce Religion


You were on level 10 of the Dungeon.
You worshipped Okawaru.
Okawaru was extremely pleased with you.
You were very full.

You visited 2 branches of the dungeon, and saw 12 of its levels.
You also visited: Ossuary.

You collected 607 gold pieces.

Inventory:

Hand Weapons
 I - a +0 war axe of flaming (weapon)
Armour
 a - a +0 plate armour (worn)
 b - a +0 scale mail
 c - a +0 shield (worn)
 l - a +0 pair of gloves (worn)
 s - a +0 cloak (worn)
 t - a +1 helmet (worn)
 A - a +0 pair of boots (worn)
Jewellery
 h - an amulet of the gourmand (around neck)
 o - a ring of protection from cold (left hand)
 p - a ring of see invisible (right hand)
 y - an uncursed ring of protection from magic
 G - an uncursed ring of stealth
 H - an uncursed ring of protection from cold
Wands
 v - a wand of digging (3)
Scrolls
 e - 5 scrolls of amnesia
 k - a scroll of brand weapon {unknown}
 m - 4 scrolls of enchant weapon
 n - 2 scrolls of teleportation
 r - 10 scrolls of remove curse
 w - 2 scrolls of fear {unknown}
 x - a scroll of magic mapping {unknown}
Potions
 d - a potion of heal wounds {unknown}
 g - a potion of agility {unknown}
 i - 4 potions of curing
 j - 2 potions of lignification {unknown}
 q - 3 potions of brilliance
 u - a potion of cancellation
 z - a potion of flight
 B - 2 potions of magic {unknown}
 C - 3 potions of resistance
 D - 4 potions of mutation
 E - 2 potions of invisibility {unknown}
 F - 2 potions of experience {unknown}
Comestibles
 f - 23 rations


   Skills:
 * Level 6.9 Fighting
 - Level 10.1 Axes
 - Level 8.7 Armour
 + Level 1.1 Dodging
 + Level 8.9 Shields
 - Level 3.2 Invocations
 - Level 3.9 Evocations


You had 10 spell levels left.
You didn't know any spells.
Your spell library contained the following spells:

 Spells                   Type           Power        Failure   Level  Hunger
 Magic Dart               Conj           #...         100%        1    ##.....
 Conjure Flame            Conj/Fire      #.......     100%        3    ####...
 Slow                     Hex            #.......     100%        2    ###....
 Confuse                  Hex            #.......     100%        3    ####...
 Mephitic Cloud           Conj/Pois/Air  #.......     100%        3    ####...
 Blink                    Tloc           N/A          100%        2    ###....
 Call Imp                 Summ           #.......     100%        2    ###....
 Confusing Touch          Hex            #.....       100%        1    ##.....
 Metabolic Englaciation   Hex/Ice        #.........   100%        5    ######.
 Petrify                  Tmut/Erth      #.......     100%        4    #####..
 Gell's Gravitas          Tloc           #.........   100%        3    ####...
 Yara's Violent Unravell  Hex/Tmut       #.........   100%        5    ######.


Dungeon Overview and Level Annotations

Branches:
Dungeon (11/15)            Temple (1/1) D:5            Lair (0/6) D:8
    Orc: D:9-12

Altars:
Elyvilon
Makhleb
Okawaru
Ru
Uskayaw
Vehumet
Xom
Yredelemnul
Zin


Message History

You hit the two-headed ogre. You burn the two-headed ogre.
The two-headed ogre is severely wounded.
The two-headed ogre hits you with a giant spiked club!
* * * LOW HITPOINT WARNING * * *
You block the two-headed ogre's attack.
Your shield and plate armour prevent you from hitting the two-headed ogre.
The two-headed ogre is severely wounded.
The two-headed ogre barely misses you.
The two-headed ogre hits you but does no damage.
You hit the two-headed ogre. You burn the two-headed ogre.
The two-headed ogre is severely wounded.
You slash the two-headed ogre! You burn the two-headed ogre.
The two-headed ogre is almost dead.
The two-headed ogre hits you with a giant spiked club!
* * * LOW HITPOINT WARNING * * *
You block the two-headed ogre's attack.
You barely miss the two-headed ogre.
The two-headed ogre is almost dead.
The two-headed ogre hits you with a giant spiked club!!
You die...

#.......(......#........
#..............#........
#..............#........
#.....######'###..######
#..........(..#.........
#...........(.#.........
#.............##########
#.............#.........
#...(..@O...(.#...).....
######....#(########+##.
#.........#........#....
#.........#........#....
#.........#........#....
#.........#........#....
###'##########'#########
#....#....#....'.......#
#....#....#....#.......#


You could see a two-headed ogre.

Vanquished Creatures
  Pikel (D:7)
  4 gargoyles (D:8)
  A hornet (D:8)
  2 hippogriffs (D:10)
  Prince Ribbit (D:8)
  The ghost of nikopol the Magician, an amateur DEFE of Vehumet (D:5)
  A yak (D:10)
  4 hogs (D:7)
  A human (D:7)
  A wyvern (D:7)
  2 wargs (D:8)
  Edmund (D:4)
  2 water moccasins
  4 sky beasts
  3 slaves (D:7)
  A black bear (D:7)
  2 necrophages (D:9)
  2 orc warriors (D:8)
  5 ice beasts
  A phantom (D:5)
  5 ogres
  3 centaurs
  The ghost of Thaneod the Skirmisher, an amateur VSFi (D:3)
  7 bullfrogs
  A wyvern zombie (D:9)
  4 scorpions
  6 wights
  3 crimson imps
  A howler monkey (D:4)
  3 centaur zombies
  3 hounds
  2 quasits
  3 jellies
  2 bullfrog skeletons
  Crazy Yiuf (D:2)
  7 orc priests
  An iguana (D:9)
  Natasha (thrice) (D:4)
  5 orc wizards
  6 worker ants
  A statue (D:7)
  6 mummies
  5 gnolls
  12 adders
  A shadow imp (D:4)
  4 adder zombies
  2 worms
  3 dart slugs
  5 leopard geckos
  19 orcs
  3 ball pythons
  5 giant cockroaches
  4 gnoll zombies (Ossuary)
  7 goblins
  7 hobgoblins
  10 jackals
  7 kobolds
  6 quokkas
  4 bats
  8 frilled lizards
  A goblin zombie (Ossuary)
  A hobgoblin zombie (Ossuary)
  2 jackal skeletons (D:7)
  A jackal zombie (D:5)
  A kobold zombie (Ossuary)
  6 rats
238 creatures vanquished.

Notes
Turn   | Place    | Note
-------+----------+-------------------------------------------
     0 | D:1      | xccam the Human Fighter began the quest for the Orb.
     0 | D:1      | Reached XP level 1. HP: 18/18 MP: 1/1
    75 | D:1      | Reached XP level 2. HP: 14/24 MP: 2/2
   139 | D:1      | Reached skill level 3 in Axes
   190 | D:1      | Reached XP level 3. HP: 19/29 MP: 3/3
   816 | D:2      | Reached skill level 4 in Axes
   816 | D:2      | Reached XP level 4. HP: 23/35 MP: 4/4
  1360 | D:2      | Found a runed door.
  1450 | D:2      | Found a white marble altar of Elyvilon.
  1698 | D:2      | Noticed Crazy Yiuf
  1703 | D:2      | Killed Crazy Yiuf
  1703 | D:2      | Reached XP level 5. HP: 33/41 MP: 5/5
  1761 | D:3      | Noticed Thaneod's ghost (amateur VSFi)
  1775 | D:3      | Killed Thaneod's ghost
  1775 | D:3      | Reached skill level 5 in Axes
  1855 | D:3      | Reached XP level 6. HP: 42/47 MP: 6/6
  2150 | D:3      | Reached skill level 6 in Axes
  2888 | D:4      | Found a sand-covered staircase.
  3047 | Ossuary  | Entered an ossuary
  3281 | Ossuary  | Reached skill level 7 in Axes
  3281 | Ossuary  | Reached XP level 7. HP: 18/52 MP: 7/7
  3759 | D:4      | Found a shimmering altar of Xom.
  3812 | D:4      | Noticed Natasha
  3827 | D:4      | Killed Natasha
  3919 | D:4      | Noticed Natasha
  3932 | D:4      | Killed Natasha
  4047 | D:4      | Noticed Edmund
  4053 | D:4      | Killed Edmund
  4111 | D:4      | Noticed Natasha
  4119 | D:4      | Killed Natasha
  4119 | D:4      | Reached XP level 8. HP: 46/58 MP: 8/8
  4213 | D:5      | Entered Level 5 of the Dungeon
  4213 | D:5      | Noticed nikopol's ghost (amateur DEFE)
  4230 | D:5      | Killed nikopol's ghost
  4236 | D:5      | HP: 1/58 [burnt (7)]
  4531 | D:5      | Reached skill level 8 in Axes
  4779 | D:5      | Found a staircase to the Ecumenical Temple.
  4785 | Temple   | Entered the Ecumenical Temple
  4790 | Temple   | Became a worshipper of Warmaster Okawaru
  5175 | D:5      | Reached skill level 5 in Armour
  5175 | D:5      | Reached skill level 5 in Shields
  5927 | D:6      | Reached XP level 9. HP: 59/63 MP: 9/9
  5962 | D:6      | Reached * piety under Okawaru
  6926 | D:7      | Reached skill level 9 in Axes
  7690 | D:7      | Reached skill level 1 in Evocations
  7892 | D:7      | Noticed Pikel
  7906 | D:7      | Killed Pikel
  7906 | D:7      | Reached ** piety under Okawaru
  7906 | D:7      | Reached XP level 10. HP: 70/70 MP: 10/12
  7967 | D:7      | Found a radiant altar of Vehumet.
  8599 | D:7      | Reached skill level 1 in Invocations
  8997 | D:8      | Paralysed by a hornet for 1 turns
  9380 | D:8      | Reached skill level 10 in Axes
  9385 | D:8      | Reached *** piety under Okawaru
 10025 | D:8      | Noticed Prince Ribbit
 10048 | D:8      | Killed Prince Ribbit
 10369 | D:8      | Found a staircase to the Lair.
 10646 | D:8      | Noticed a gargoyle
 10664 | D:8      | Killed a gargoyle
 10669 | D:8      | Noticed a gargoyle
 10669 | D:8      | Noticed a gargoyle
 10671 | D:8      | Noticed a gargoyle
 10680 | D:8      | Killed a gargoyle
 10680 | D:8      | Reached XP level 11. HP: 29/78 MP: 10/13
 11082 | D:8      | Reached skill level 5 in Fighting
 11180 | D:8      | Found a basalt altar of Yredelemnul.
 11430 | D:8      | Reached **** piety under Okawaru
 11989 | D:9      | Noticed a cyclops
 12018 | D:9      | Noticed a yaktaur captain
 12423 | D:10     | Entered Level 10 of the Dungeon
 13430 | D:11     | Noticed a two-headed ogre
 13467 | D:10     | Reached ***** piety under Okawaru
 13467 | D:10     | Reached skill level 1 in Dodging
 13695 | D:11     | Noticed a two-headed ogre
 13695 | D:11     | Noticed a four-headed hydra
 13710 | D:10     | HP: 3/82 [two-headed ogre/giant spiked club (10)]
 13711 | D:10     | Demolished by a two-headed ogre

Vault maps used:
D:1:      dpeg_arrival_line_fractal
D:2:      first_ration, elyvilon_altar_5, uniq_crazy_yiuf_cottage
D:4:      gup_ossuary_entry_pyramid, serial_glass, glass_columns_a,
          glass_columns_a, xom_teletrap_fun, uniq_natasha, uniq_edmund
D:5:      temple_green, kennysheep_generic_room_3
D:7:      vehumet_statue, grunt_livestock, minmay_joined_circles, uniq_pikel
D:8:      cheibrodos_statue_roulette, kennysheep_little_box,
          erik_lair_orcish_takeover, minmay_liquid_box, uniq_prince_ribbit1
D:9:      serial_undead, serial_undead_d, serial_undead_c, serial_undead_d,
          serial_undead_f, onia_ninara_dug_in_and_dangerous
D:11:     minmay_the_grid_triangle_9x9_rhombus_thin_mashed,
          hangedman_decor_peaks_small, serial_bayou_lake_a
Temple:   regret_index_temple_chain_breaker
Ossuary:  ossuary_crypta

Skill      XL: |  1  2  3  4  5  6  7  8  9 10 11 |
---------------+----------------------------------+-----
Axes           | 3 4 5 7 8 9 10 | 10.1
Armour         | 5 6 8 |  8.7
Shields        | 5 6 8 |  8.9
Evocations     | 2 3 |  3.9
Invocations    | 3 |  3.2
Fighting       | 4 6 |  6.9
Dodging        | 1 |  1.1

Action                   |  1- 3 |  4- 6 |  7- 9 | 10-12 || total
-------------------------+-------+-------+-------+-------++-------
Melee: War axe           |   115 |   170 |   501 |   534 ||  1320
Invok: Heroism           |       |       |       |    11 ||    11
Evoke: Wand              |       |       |       |     1 ||     1
  Use: Scroll            |       |     7 |     4 |     7 ||    18
       Potion            |       |       |     9 |     2 ||    11
  Eat: Chunk             |       |     6 |    26 |    19 ||    51
       Ration            |       |     1 |       |       ||     1
Armor: Scale mail        |    59 |    69 |   246 |    79 ||   453
       Plate armour      |       |       |       |    94 ||    94
Dodge: Dodged            |    52 |    41 |   144 |   117 ||   354
Block: Shield            |    59 |    75 |   247 |   241 ||   622

Table legend:
 A = Spawn XP
 B = Non-spawn XP
 C = Spawn XP percentage of total XP
 D = Spawn monster count
 E = Non-spawn monster count
 F = Spawn count percentage of total count
 G = Total turns spent on level
                    A         B        C        D         E        F      G
               +---------+---------+-------+---------+---------+-------+---------
         Total |       0 |   12245 |   0.0 |       0 |     235 |   0.0 | 13711
               +---------+---------+-------+---------+---------+-------+---------
           D:1 |       0 |      57 |   0.0 |       0 |      32 |   0.0 |   690
           D:2 |       0 |      82 |   0.0 |       0 |      17 |   0.0 |  1034
           D:3 |       0 |     256 |   0.0 |       0 |      24 |   0.0 |  1096
           D:4 |       0 |     514 |   0.0 |       0 |      14 |   0.0 |  1253
           D:5 |       0 |     825 |   0.0 |       0 |      21 |   0.0 |  1124
           D:6 |       0 |     787 |   0.0 |       0 |      11 |   0.0 |  1234
           D:7 |       0 |    2748 |   0.0 |       0 |      31 |   0.0 |  2257
           D:8 |       0 |    4008 |   0.0 |       0 |      40 |   0.0 |  2517
           D:9 |       0 |    1365 |   0.0 |       0 |      20 |   0.0 |   632
          D:10 |       0 |    1368 |   0.0 |       0 |      10 |   0.0 |  1188
          D:11 |       0 |      87 |   0.0 |       0 |       2 |   0.0 |   100
       Ossuary |       0 |     148 |   0.0 |       0 |      13 |   0.0 |   575
               +---------+---------+-------+---------+---------+-------+---------
